 Dungeon Crawl Stone Soup version 0.30-a0-758-gc2c871d025 (console) character file.

Game seed: 15517078587062452732

24192 Ignak the Cleaver (level 13, -1/133 HPs)
             Began as an Ogre Hedge Wizard on Feb 9, 2023.
             Was the Champion of Okawaru.
             Slain by a harpy simulacrum (9 damage)
             ... in an ice cave on Feb 10, 2023.
             The game lasted 01:08:28 (20344 turns).

Ignak the Cleaver (Ogre Hedge Wizard)              Turns: 20344, Time: 01:08:29

Health: -1/133     AC:  8    Str: 21    XL:     13   Next: 11%
Magic:  23/26      EV:  9    Int: 15    God:    Okawaru [******]
Gold:   1056       SH: 14    Dex:  8    Spells: 9/30 levels left

rFire   . . .      SeeInvis +    a - +4 war axe (elec)
rCold   + . .      Faith    .    C - +2 kite shield
rNeg    . . .      Spirit   .    Q - +0 troll leather armour
rPois   +          Reflect  +    c - +0 hat
rElec   .          Harm     .    x - +2 cloak of the Marlin {rC+ SInv}
rCorr   .          Rampage  .    (gloves unavailable)
Will    +....                    (boots unavailable)
Stlth   +                        d - amulet of reflection
HPRegen 1.22/turn                P - ring of poison resistance
MPRegen 0.20/turn                H - ring of wizardry

@: wereblooded, on blink cooldown, studying 2 skills
A: large, unfitting armour, tough skin 1
a: Renounce Religion, Heroism, Finesse, Duel


You were in an ice cave.
You worshipped Okawaru.
Okawaru was exalted by your worship.
You visited 4 branches of the dungeon, and saw 15 of its levels.
You also visited: Bailey and Ice Cave.

You collected 1708 gold pieces.
You spent 652 gold pieces at shops.

Inventory:

Hand Weapons
 a - a +4 war axe of electrocution (weapon)
 b - a +6 halberd of electrocution
 z - a +3 heavy executioner's axe
 L - the +7 quarterstaff of Beogh, Shrinking {freeze, rF+ Dex+2}
   (You found it on level 8 of the Dungeon)

   Dex:       It affects your dexterity (+2).
   rF:        It protects you from fire.
Missiles
 u - 27 poisoned darts (quivered)
Armour
 c - a +0 hat (worn)
 m - a +2 cloak
 v - +0 ice dragon scales
 x - the +2 cloak of the Marlin (worn) {rC+ SInv}
   (You bought it in a shop on level 2 of the Orcish Mines)

   rC:        It protects you from cold.
   SInv:      It lets you see invisible.
 C - a +2 kite shield (worn)
 K - the +5 robe of Guw Deshi {rC+ Stlth+}
   (You found it on level 8 of the Dungeon)

   rC:        It protects you from cold.
   Stlth:     It makes you more stealthy.
 Q - a +0 troll leather armour (worn)
Jewellery
 d - an amulet of reflection (around neck)
 H - a ring of wizardry (right hand)
 P - a ring of poison resistance (left hand)
Wands
 q - a wand of acid (5)
 y - a wand of mindburst (5)
 D - a wand of paralysis (1)
 J - a wand of flame (35)
Scrolls
 h - a scroll of fear
 j - 3 scrolls of blinking
 k - 10 scrolls of teleportation
 l - a scroll of fog
 o - 5 scrolls of silence
 r - 3 scrolls of acquirement {unknown}
 w - a scroll of brand weapon
 M - a scroll of poison
Potions
 e - 3 potions of brilliance
 f - 2 potions of cancellation
 g - a potion of berserk rage {unknown}
 i - 5 potions of invisibility
 n - 3 potions of attraction {unknown}
 p - 2 potions of magic
 s - a potion of lignification {unknown}
 t - 3 potions of flight
 A - 3 potions of mutation {unknown}
 B - 4 potions of haste
 F - a potion of might
 I - 3 potions of ambrosia
 O - a potion of resistance


   Skills:
 + Level 10.1 Fighting
 * Level 10.9 Axes
 + Level 4.3 Armour
 + Level 7.4 Dodging
 - Level 1.4 Stealth
 * Level 2.4 Shields
 + Level 9.4 Spellcasting
 + Level 4.8 Conjurations
 - Level 0.8 Summonings
 - Level 3.0 Translocations
 - Level 4.0 Transmutations
 - Level 4.0 Ice Magic
 - Level 4.0 Air Magic
 - Level 2.0 Poison Magic
 + Level 6.4 Invocations


You had 9 spell levels left.
You knew the following spells:

 Your Spells              Type           Power      Damage    Failure   Level
a - Magic Dart            Conj           84%        1d7       1%          1
b - Blink                 Tloc           32%        N/A       5%          2
c - Frozen Ramparts       Ice            38%        1d6       7%          3
d - Mephitic Cloud        Conj/Pois/Air  17%        N/A       9%          3
e - Call Imp              Summ           9%         N/A       13%         2
f - Freezing Cloud        Conj/Ice/Air   9%         6-21      47%         5
g - Hailstorm             Conj/Ice       20%        3d6       6%          3
z - Wereblood             Tmut           19%        N/A       3%          2

Your spell library contained the following spells:

 Spells                   Type           Power      Damage    Failure   Level
 Shock                    Conj/Air       80%        1d8       1%          1
 Momentum Strike          Conj/Tloc      36%        3d9       3%          2
 Lesser Beckoning         Tloc           32%        N/A       5%          2
 Cigotuvi's Dreadful Rot  Necr/Pois/Air  26%        N/A       9%          2
 Ensorcelled Hibernation  Hex/Ice        26%        N/A       9%          2
 Spider Form              Tmut/Pois      16%        N/A       11%         3
 Slow                     Hex            28%        N/A       12%         1
 Kindle Blastsparks       Fire/Tloc/Air  28%        2d12      14%         3
 Ignite Poison            Fire/Tmut/Pois 13%        N/A       16%         3
 Sublimation of Blood     Necr           7%         N/A       17%         2
 Passage of Golubria      Tloc           16%        N/A       32%         4
 Anguish                  Hex/Necr       3%         N/A       71%         4
 Dispel Undead            Necr           7%         3d8       71%         4
 Silence                  Hex/Air        6%         N/A       78%         5
 Lehudib's Crystal Spear  Conj/Erth      7%         10d3      100%        8
 Death Channel            Necr           Unusable   N/A       N/A         6
 Spellforged Servitor     Conj/Summ      Unusable   N/A       N/A         7
 Summon Hydra             Summ           Unusable   N/A       N/A         7
 Dragon's Call            Summ           Unusable   N/A       N/A         9

Dungeon Overview and Level Annotations

Branches:
Dungeon (10/15)            Temple (1/1) D:7            Lair (2/5) D:10
 Shoals (0/4) Lair:2        Snake (0/4) Lair:2          Orc (2/2) D:10
    Elf (0/3) Orc:2        Bailey (visited)           IceCv (1/1)

Altars:
Ashenzari
Cheibriados
Dithmenos
Elyvilon
Fedhas
Gozag
Hepliaklqana
Kikubaaqudgha
Makhleb
Nemelex Xobeh
Okawaru
Qazlal
Ru
Sif Muna
Trog
Uskayaw
Vehumet
Wu Jian
Xom
Yredelemnul
Zin
The Shining One

Shops:
D:3 ?   D:6 *   Orc:2 ([::


Innate Abilities, Weirdness & Mutations

You are too large for most types of armour.
You have tough skin. (AC +1)


Message History

Your blood is infused with primal strength.
The harpy simulacrum closely misses you.
The harpy simulacrum claws you but does no damage.
You block the dire elephant simulacrum's attack. x2
You hit the dire elephant simulacrum but do no damage.
You hit the harpy simulacrum. The harpy simulacrum claws you.
The harpy simulacrum freezes you! You resist.
You block the harpy simulacrum's attack. x2
The harpy simulacrum barely misses you. x2; The harpy simulacrum claws you.
The harpy simulacrum freezes you! You resist.
You slash the dire elephant simulacrum!
The dire elephant simulacrum is moderately damaged.
You hit the harpy simulacrum. The harpy simulacrum claws you.
The harpy simulacrum freezes you. You resist.
The harpy simulacrum closely misses you.
The harpy simulacrum claws you! The harpy simulacrum freezes you. You resist.
The harpy simulacrum claws you. The harpy simulacrum freezes you. You resist.
You block the dire elephant simulacrum's attack. x2
The harpy simulacrum claws you but does no damage.
The harpy simulacrum misses you.
Press: ? - help, v - describe, . - travel
Here: a dire elephant simulacrum (moderately damaged)
The floor.
The harpy simulacrum claws you. The harpy simulacrum freezes you. You resist.
The harpy simulacrum claws you. The harpy simulacrum freezes you! You resist.
The harpy simulacrum claws you!
* * * LOW HITPOINT WARNING * * *
The harpy simulacrum freezes you. You resist.
* * * LOW HITPOINT WARNING * * *
You block the harpy simulacrum's attack.
Casting: Wereblood (safe; 3% risk of failure)
Confirm with . or Enter, or press ? or * to list all spells.
You blink.
The harpy simulacrum claws you!
* * * LOW HITPOINT WARNING * * *
The harpy simulacrum freezes you! You resist.
* * * LOW HITPOINT WARNING * * *
The harpy simulacrum claws you!
* * * LOW HITPOINT WARNING * * *
The harpy simulacrum freezes you! You resist.
You die...

.## #..### ##
##..# ##..##
#..###
##.~~#######
####
####~~#≈~~##...#
##~~~~#~..#
#~#~#~~§####
#~#####ZZ@.# ##
#....Z#..#
#.⌠.###### #$[[
####


You could see a dire elephant simulacrum and 2 harpy simulacra.

Vanquished Creatures
  An orc warlord (Orc:1)
  6 two-headed ogres
  The ghost of melvinkitnick the Destroyer, a novice DgFE (Lair:1)
  An orc knight (Bailey)
  3 orc sorcerers
  A cyclops (D:9)
  2 manticores (D:8)
  An ice statue (IceCv)
  Maggie (D:8)
  An unseen horror (D:10)
  A komodo dragon (Lair:1)
  A hornet (Lair:1)
  3 trolls
  A queen bee (Lair:1)
  A merfolk (D:8)
  6 wyverns
  Sigmund (D:3)
  A wraith (D:10)
  5 yaks
  2 steam dragons
  Grum (D:8)
  A hog (D:7)
  5 death yak simulacra (IceCv)
  4 wargs
  7 water moccasins
  An acid dragon (D:10)
  2 ice beasts
  A sky beast (D:7)
  27 orc warriors
  6 black bears
  7 ogres
  4 wolves (D:8)
  8 centaurs
  A phantom (D:5)
  8 bullfrogs
  4 kobold brigands
  6 two-headed ogre simulacra (IceCv)
  A necrophage (D:3)
  2 gnoll sergeants (D:8)
  3 scorpions
  A cane toad simulacrum (IceCv)
  5 wights (D:10)
  An elephant simulacrum (IceCv)
  9 killer bees
  3 electric eels (D:8)
  3 howler monkeys
  2 jellies (D:6)
  15 orc priests
  3 gnoll boudas
  2 hounds
  20 orc wizards
  Terence (D:3)
  3 iguanas
  2 spriggan simulacra (IceCv)
  3 troll simulacra (IceCv)
  A polar bear simulacrum (IceCv)
  Robin (D:3)
  8 adders
  21 gnolls
  8 naga simulacra (IceCv)
  A shadow imp (D:7)
  7 white imps
  4 ufetubi
  A worm (D:4)
  3 dart slugs
  78 orcs
  5 endoplasms
  4 giant cockroaches
  14 goblins
  10 hobgoblins
  22 kobolds
  4 quokkas
  6 ball pythons
  5 bats
  2 frilled lizards
  5 rats
422 creatures vanquished.

Vanquished Creatures (collateral kills)
  A two-headed ogre (D:9)
  A hound (D:4)
  An iguana (D:5)
  A gnoll (D:5)
  An adder (D:3)
  A white imp (D:3)
  3 dart slugs
  2 orcs (D:3)
  4 endoplasms
  A giant cockroach (D:3)
  2 goblins
  6 hobgoblins
  A quokka (D:1)
  A bat (D:1)
  2 frilled lizards
  A kobold (D:1)
  2 rats
31 creatures vanquished.

Vanquished Creatures (others)
  An orc wizard (D:8)
  An orc (D:8)
  78 plants
80 creatures vanquished.

Grand Total: 533 creatures vanquished

Notes
Turn   | Place    | Note
-------+----------+-------------------------------------------
     0 | D:1      | Ignak the Ogre Hedge Wizard began the quest for the Orb.
     0 | D:1      | Reached XP level 1. HP: 16/16 MP: 5/5
    91 | D:1      | Reached skill level 1 in Translocations
    95 | D:1      | Reached skill level 1 in Conjurations
   463 | D:1      | Reached XP level 2. HP: 24/24 MP: 2/6
   466 | D:1      | Learned a level 2 spell: Blink
   469 | D:1      | Learned a level 2 spell: Call Imp
   995 | D:1      | Reached XP level 3. HP: 32/32 MP: 5/8
  1245 | D:2      | Identified the +3 chain mail of Pocamo {rF- rC+ rN+}
  1290 | D:2      | Found a sparkling altar of Nemelex Xobeh.
  1590 | D:2      | Reached skill level 1 in Fighting
  1611 | D:2      | Reached XP level 4. HP: 40/41 MP: 6/10
  1734 | D:2      | Found a faded altar of an unknown god.
  1742 | D:2      | Got Plato's Encyclopedia of the Tempest
  1764 | D:2      | Learned a level 2 spell: Wereblood
  1768 | D:2      | Learned a level 3 spell: Mephitic Cloud
  2847 | D:3      | Noticed Sigmund
  2855 | D:3      | Killed Sigmund
  2856 | D:3      | Reached skill level 1 in Axes
  2856 | D:3      | Reached skill level 1 in Armour
  2856 | D:3      | Reached skill level 1 in Transmutations
  2856 | D:3      | Reached skill level 1 in Air Magic
  2856 | D:3      | Reached XP level 5. HP: 38/49 MP: 5/11
  2856 | D:3      | Reached XP level 6. HP: 45/57 MP: 5/12
  3165 | D:3      | Found Uffoiplu's Magic Scroll Shop.
  3188 | D:3      | Bought a scroll of teleportation for 30 gold pieces
  3188 | D:3      | Bought a scroll of teleportation for 30 gold pieces
  3188 | D:3      | Bought a scroll of blinking for 75 gold pieces
  3203 | D:3      | Got the Handbook of Mustering
  3250 | D:3      | Noticed Terence
  3262 | D:3      | Killed Terence
  3263 | D:3      | Reached skill level 1 in Poison Magic
  3629 | D:3      | Noticed Robin
  3651 | D:3      | Killed Robin
  3797 | D:3      | Reached XP level 7. HP: 61/66 MP: 10/13
  4324 | D:4      | Found a blossoming altar of Fedhas.
  4325 | D:4      | Found a hide-covered altar of Uskayaw.
  4327 | D:4      | Found a shadowy altar of Dithmenos.
  4330 | D:4      | Found a basalt altar of Yredelemnul.
  4331 | D:4      | Found a glowing silver altar of Zin.
  4331 | D:4      | Found a glowing golden altar of the Shining One.
  4331 | D:4      | Found a broken altar of Ashenzari.
  4331 | D:4      | Found a shimmering altar of Xom.
  4331 | D:4      | Found a shimmering blue altar of Sif Muna.
  4332 | D:4      | Found an ancient bone altar of Kikubaaqudgha.
  4333 | D:4      | Found a sparkling altar of Nemelex Xobeh.
  4334 | D:4      | Found an opulent altar of Gozag.
  4335 | D:4      | Found a white marble altar of Elyvilon.
  4826 | D:5      | Entered Level 5 of the Dungeon
  5037 | D:5      | Noticed a fire elemental
  5038 | D:5      | Found a stormy altar of Qazlal.
  5041 | D:5      | Noticed a water elemental
  5041 | D:5      | Noticed an air elemental
  5246 | D:5      | Reached XP level 8. HP: 56/75 MP: 15/15
  5554 | D:3      | Bought a scroll of magic mapping for 75 gold pieces
  5765 | D:5      | Reached skill level 5 in Spellcasting
  6690 | D:6      | Found Rioset's CLEARANCE SALE!.
  6746 | D:6      | HP: 2/78 [poisoned by a water moccasin]
  6976 | D:6      | Reached XP level 9. HP: 32/84 MP: 12/16
  7816 | D:7      | Found a flagged portal.
  7835 | Bailey   | Entered a bailey
  8268 | Bailey   | Noticed an orc knight
  8458 | Bailey   | Killed an orc knight
  8459 | Bailey   | Reached skill level 5 in Fighting
  8459 | Bailey   | Reached skill level 5 in Axes
  8745 | D:7      | Found a staircase to the Ecumenical Temple.
  8823 | Temple   | Entered the Ecumenical Temple
  8832 | Temple   | Became a worshipper of Warmaster Okawaru
  9688 | D:7      | Reached * piety under Okawaru
  9764 | D:8      | Noticed Grum
  9781 | D:8      | Reached XP level 10. HP: 94/98 MP: 16/19
  9819 | D:8      | Killed Grum
 10386 | D:8      | Noticed a two-headed ogre
 10389 | D:8      | Reached skill level 5 in Dodging
 10662 | D:7      | Killed a two-headed ogre
 10662 | D:7      | Reached ** piety under Okawaru
 10663 | D:7      | Reached skill level 1 in Invocations
 11035 | D:9      | Noticed a two-headed ogre
 11035 | D:9      | Noticed a cyclops
 11325 | D:8      | Noticed a manticore
 11332 | D:8      | Killed a manticore
 11332 | D:8      | Reached *** piety under Okawaru
 11336 | D:8      | Noticed a manticore
 11344 | D:8      | Killed a manticore
 11564 | D:8      | Noticed a two-headed ogre
 11574 | D:8      | Killed a two-headed ogre
 11575 | D:8      | Reached XP level 11. HP: 97/111 MP: 19/22
 11862 | D:8      | Noticed a two-headed ogre
 11862 | D:8      | Noticed a two-headed ogre
 11884 | D:8      | Killed a two-headed ogre
 11884 | D:8      | Reached **** piety under Okawaru
 12059 | D:8      | Killed a two-headed ogre
 12059 | D:8      | Reached ***** piety under Okawaru
 12060 | D:8      | Identified the +1 plate armour of Quel {rN+ Int+3}
 12086 | D:8      | Found a radiant altar of Vehumet.
 12298 | D:8      | Noticed a two-headed ogre
 12650 | D:8      | Killed a two-headed ogre
 12728 | D:8      | Got the Quarto of the Tundra
 12737 | D:8      | Learned a level 3 spell: Frozen Ramparts
 12821 | D:8      | Identified the +5 robe of Guw Deshi {rC+ Stlth+}
 13044 | D:8      | Noticed Maggie
 13271 | D:8      | Killed Maggie
 13272 | D:8      | Reached skill level 1 in Ice Magic
 13579 | D:8      | Identified the +7 quarterstaff of Beogh, Shrinking {freeze,
                  | rF+ Dex+2}
 14099 | D:9      | Killed a two-headed ogre
 14103 | D:9      | Noticed a two-headed ogre
 14365 | D:8      | Killed a two-headed ogre
 14581 | D:9      | Found a radiant altar of Vehumet.
 14588 | D:9      | Killed a cyclops
 14589 | D:9      | Reached skill level 5 in Invocations
 14589 | D:9      | Reached XP level 12. HP: 114/123 MP: 15/24
 14604 | D:9      | Reached ****** piety under Okawaru
 15281 | D:9      | Found a burning altar of Makhleb.
 15376 | D:10     | Entered Level 10 of the Dungeon
 15417 | D:10     | Learned a level 5 spell: Freezing Cloud
 15629 | D:10     | Found a staircase to the Orcish Mines.
 15724 | D:10     | Found a staircase to the Lair.
 15891 | D:10     | Found Liopiv's Armour Emporium.
 15900 | D:10     | Received a gift from Okawaru
 16057 | D:10     | Reached skill level 10 in Axes
 16271 | D:10     | Learned a level 3 spell: Hailstorm
 16294 | D:10     | Upgraded the game from 0.30-a0-755-g0b50240ab4 to
                  | 0.30-a0-758-gc2c871d025
 16343 | Orc:1    | Entered Level 1 of the Orcish Mines
 16707 | Orc:1    | Paralysed by an orc sorcerer for 3 turns
 17306 | Orc:2    | Entered Level 2 of the Orcish Mines
 17847 | Orc:2    | Found a staircase to the Elven Halls.
 17977 | Orc:2    | Paralysed by an orc sorcerer for 2 turns
 18087 | Orc:2    | Found Yghaeg's Book Emporium.
 18370 | Orc:2    | Found Fayt's Book Boutique.
 18451 | Orc:2    | Noticed an orc warlord
 18639 | Orc:1    | HP: 5/124 [orc warlord/+0 battleaxe of electrocution (20)]
 18761 | Orc:1    | Killed an orc warlord
 18840 | Orc:2    | Found Jooch's Antique Armour Boutique.
 18842 | Orc:2    | Found Hinga's Antique Weapon Shop.
 18861 | Orc:2    | Bought a jewelled cloak for 247 gold pieces
 18861 | Orc:2    | Identified the +2 cloak of the Marlin {rC+ SInv} (You
                  | bought it in a shop on level 2 of the Orcish Mines)
 18861 | Orc:2    | Bought a runed kite shield for 195 gold pieces
 19211 | Lair:1   | Entered Level 1 of the Lair of Beasts
 19234 | Lair:1   | Noticed melvinkitnick's ghost (novice DgFE)
 19235 | Lair:1   | Found a transporter.
 19239 | Lair:1   | Found a transporter.
 19264 | Lair:1   | Killed melvinkitnick's ghost
 19265 | Lair:1   | Reached skill level 1 in Shields
 19596 | Lair:1   | Reached skill level 10 in Fighting
 19596 | Lair:1   | Reached XP level 13. HP: 108/133 MP: 26/26
 20052 | Lair:2   | Found a frozen archway.
 20062 | IceCv    | Entered an ice cave
 20344 | IceCv    | Slain by a harpy simulacrum

Illustrated notes

Levels and vault maps discovered:
D:1:      dpeg_arrival_fog, layout_loops_ring
D:2:      cheibrodos_greedy_goblins, layout_basic,
          shapermc_ecumenical_altar_rom_forum, basic_altar,
          nicolae_elevator_lobby_asterisk
D:3:      layout_basic, serial_shops, nicolae_diamond_shop, kennysheep_donut,
          grunt_ministairs_13, kennysheep_generic_room_13, uniq_terence,
          uniq_sigmund, uniq_robin
D:4:      layout_loops_ring, minitemple
D:5:      layout_rooms, nicolae_qazlal_style_of_elements,
          minmay_misc_feat_secret_circle, grunt_decor_arrowhead,
          grunt_ministairs_3
D:6:      layout_loops_corners, nicolae_shop_clearance
D:7:      minmay_octagon_keep, layout_cave_pods, lemuel_temple_firewalk_a,
          enter_bailey_5
D:8:      kennysheep_town, serial_shops, uniq_maggie, uniq_grum
D:9:      layout_rooms, lightli_temple_of_fire, mainiacjoe_overflow_catwalk
D:10:     layout_roguey, dpeg_oklobed_lair, serial_shops, shop
Temple:   hellmonk_temple_rainy
Lair:1:   statuecave_lemuel, layout_regular_city, gammafunk_ghost_hive,
          grunt_megastairs_1
Lair:2:   layout_loops_ring, nicolae_shoals_entry_flooding,
          nicolae_snake_entry_warm_welcome, gauntlet_entry_generic,
          portal_ice_cave_entry_pillars_1, grunt_megastairs_4,
          serial_bayou_shore_b
Orc:1:    layout_caves, library_closet
Orc:2:    grunt_orc_community_town_hall, layout_diamond_mine,
          grunt_orc_community_big_house_2, grunt_orc_community_big_house_2,
          grunt_orc_community_house_3, grunt_orc_community_house_1,
          grunt_orc_community_house_3, grunt_orc_community_house_1
IceCv:    ice_cave_caverns_03

Skill      XL: |  1  2  3  4  5  6  7  8  9 10 11 12 13 |
---------------+----------------------------------------+-----
Translocations | 1 2 3 |  3.0
Conjurations   | 1 2 3 4 |  4.8
Dodging        | 2 3 4 5 6 7 |  7.4
Spellcasting   | 4 5 6 7 8 9 |  9.4
Fighting       | 1 2 3 4 6 7 9 10 | 10.1
Axes           | 1 2 4 6 8 9 10 | 10.9
Armour         | 1 2 3 4 |  4.3
Transmutations | 1 2 3 4 |  4.0
Air Magic      | 1 2 3 4 |  4.0
Poison Magic   | 1 2 |  2.0
Invocations    | 3 5 6 |  6.4
Ice Magic      | 2 4 |  4.0
Shields        | 1 2 |  2.4
Stealth        | |  1.4
Summonings     | |  0.8

Action                     |  1- 3 |  4- 6 |  7- 9 | 10-12 | 13-15 || total
---------------------------+-------+-------+-------+-------+-------++-------
  Melee: Dagger            |    84 |    52 |       |       |       ||   136
         Club              |    36 |       |       |       |       ||    36
         Punch             |     1 |     1 |     1 |     5 |     1 ||     9
         War axe           |       |    58 |   247 |   276 |    89 ||   670
         Halberd           |       |       |    34 |   289 |       ||   323
  Throw: Throwing net      |       |       |     1 |       |       ||     1
         Dart              |       |       |       |    30 |       ||    30
   Cast: Magic Dart        |    16 |     1 |     1 |     1 |       ||    19
         Call Imp          |     9 |    14 |    26 |       |       ||    49
         Mephitic Cloud    |       |    11 |    38 |    70 |       ||   119
         Blink             |       |     1 |    12 |    23 |     1 ||    37
         Wereblood         |       |       |    19 |    19 |     7 ||    45
         Frozen Ramparts   |       |       |       |    13 |       ||    13
         Freezing Cloud    |       |       |       |     6 |       ||     6
         Hailstorm         |       |       |       |     1 |       ||     1
 Invoke: Heroism           |       |       |       |     2 |       ||     2
         Finesse           |       |       |       |     1 |       ||     1
  Evoke: Wand              |       |       |       |     5 |       ||     5
    Use: Scroll            |       |     4 |     9 |     9 |     2 ||    24
         Potion            |       |     1 |    12 |     6 |       ||    19
   Stab: Sleeping          |     6 |     3 |     2 |       |       ||    11
         Confused          |       |     5 |    10 |    11 |       ||    26
         Distracted        |       |       |     1 |     1 |       ||     2
 Armour: Robe              |    42 |    39 |   113 |   123 |       ||   317
         Acid dragon scale |       |       |       |    14 |       ||    14
         Troll leather arm |       |       |       |    34 |    28 ||    62
  Dodge: Dodged            |    71 |    59 |   166 |   291 |    26 ||   613
  Block: Other             |       |       |       |    46 |       ||    46
         Reflection        |       |       |       |     2 |     1 ||     3
         Kite shield       |       |       |       |       |    53 ||    53

Table legend: (Time is in decaauts)
 A = Elapsed time spent in this place.
 B = Non-inter-level travel time spent in this place.
 C = Inter-level travel time spent in this place.
 D = Time resting spent in this place.
 E = Time spent auto-exploring this place.
 F = Levels seen in this place.
 G = Mean time per level.
                   A        B        C        D        E       F      G
               +--------+--------+--------+--------+--------+-----+--------+
         Total |  20549 |  20141 |    408 |   5449 |   7925 |  17 | 1208.8 |
       Dungeon |  16266 |  15882 |    384 |   4646 |   6717 |  10 | 1626.6 |
        Temple |     20 |     20 |      0 |      0 |      0 |   1 |   20.0 |
          Lair |    846 |    834 |     12 |      0 |    605 |   2 |  423.0 |
  Orcish Mines |   2311 |   2302 |      9 |    441 |    592 |   2 | 1155.5 |
        Bailey |    813 |    813 |      0 |    362 |     11 |   1 |  813.0 |
      Ice Cave |    291 |    291 |      0 |      0 |      0 |   1 |  291.0 |
               +--------+--------+--------+--------+--------+-----+--------+

Top non-repeatable levels by time:
     D:8: 4153 daAuts
     D:7: 1864 daAuts
     D:3: 1604 daAuts
    D:10: 1526 daAuts
     D:6: 1479 daAuts
   Orc:2: 1266 daAuts
     D:4: 1259 daAuts
     D:1: 1216 daAuts
     D:2: 1178 daAuts
     D:5: 1154 daAuts
   Orc:1: 1044 daAuts
     D:9: 829 daAuts
  Bailey: 813 daAuts
  Lair:1: 808 daAuts
   IceCv: 291 daAuts
